 Dungeon Crawl Stone Soup version 0.30-a0-347-gf58ed5266c (webtiles) character file.

Game seed: 16172277353275269027

124 porpoise the Magician (level 5, -5/40 HPs)
             Began as a Djinni Fire Elementalist on Nov 7, 2022.
             Slain by Ijyb
             ... wielding a +0 club
              (6 damage)
             ... on level 2 of the Dungeon.
             The game lasted 00:06:53 (2175 turns).

porpoise the Magician (Djinni Fire Elementalist)    Turns: 2175, Time: 00:06:53

Health: -5/40      AC:  2    Str:  7    XL:     5   Next: 30%
Gold:   80         EV: 12    Int: 18    God:
                   SH:  0    Dex: 14

rFire   + . .      SeeInvis .    a - +1 spear (vorpal)
rCold   . . .      Faith    .    (no shield)
rNeg    . . .      Spirit   .    f - +0 robe
rPois   ∞          Reflect  .    (no helmet)
rElec   .          Harm     .    (no cloak)
rCorr   .          Rampage  .    (no gloves)
Will    .....                    (boots unavailable)
Stlth   ++........               (no amulet)
HPRegen 0.26/turn                h - ring of ice
MPRegen 0.00/turn                (no ring)

@: immotile, flying, very slightly contaminated
A: sickness immunity, fire resistance 2, cold vulnerability 1, float, innate
caster, HP casting, extra vitality 1
a: no special abilities


You were on level 2 of the Dungeon.
You visited 1 branch of the dungeon, and saw 3 of its levels.

You collected 80 gold pieces.

Inventory:

Hand Weapons
 a - a +1 vorpal spear (weapon)
 b - a +0 sling
Missiles
 d - 3 curare-tipped darts
Armour
 f - a +0 robe (worn)
Jewellery
 h - a ring of ice (left hand)
Scrolls
 c - a scroll of vulnerability {unknown}
 e - 2 scrolls of identify {unknown}
 i - a scroll of poison {unknown}
 j - a scroll of enchant armour {unknown}
Potions
 g - a potion of invisibility {unknown}


   Skills:
 + Level 3.1 Fighting
 - Level 2.1 Dodging
 - Level 1.5 Stealth
 + Level 3.5 Spellcasting


You couldn't memorise any spells.
You knew the following spells:

 Your Spells              Type           Power      Damage    Failure   Level
a - Foxfire               Conj/Fire      60%        2x1d7     3%          1
b - Scorch                Fire           30%        2d6       5%          2
c - Kindle Blastsparks    Fire/Tloc/Air  30%        2d12      11%         3
d - Inner Flame           Hex/Fire       15%        N/A       11%         3
e - Flame Wave            Conj/Fire      15%        2d7       36%         4
f - Freeze                Ice            92%        1d9       3%          1
g - Momentum Strike       Conj/Tloc      30%        3d8       5%          2
Your spell library was empty.

Dungeon Overview and Level Annotations

Branches:
Dungeon (3/15)

Altars:

Annotations:
D:2 Ijyb


Innate Abilities, Weirdness & Mutations

You are immune to sickness and miasma.
You are immune to poison.
Your flesh is very heat resistant. (rF++)
You are vulnerable to cold. (rC-)
You float through the air rather than walking.
You learn spells naturally, not from books.
Your magical power is your life essence.
You have superior vitality. (+4 MHP)


Message History

Okay, then.
Unknown command.
Casting: Foxfire (safe; 3% risk of failure)
Confirm with . or Enter, or press ? or * to list all spells.
Aiming: Momentum Strike (safe; 5% risk of failure)
Press: ? - help, Dir - move target, f - Ijyb
Aim: Ijyb, wielding a +0 club, wearing a +2 ring mail of willpower and carrying a wand of flame (9) (68% to hit)
The concentrated momentum hits Ijyb!
You are unable to move.
Ijyb zaps a wand.
The puff of flame hits you. You resist.
Casting: Momentum Strike (safe; 5% risk of failure)
Confirm with . or Enter, or press ? or * to list all spells.
Flames lash Ijyb but do no damage.
Ijyb closely misses you.
Casting: Scorch (safe; 5% risk of failure)
Confirm with . or Enter, or press ? or * to list all spells.
Flames lash Ijyb.
Ijyb is almost dead.
Ijyb's fire resistance burns away.
* * * LOW HITPOINT WARNING * * *
Ijyb hits you with a +0 club.
* * * LOW HITPOINT WARNING * * *
Casting: Scorch (safe; 5% risk of failure)
Confirm with . or Enter, or press ? or * to list all spells.
Flames lash Ijyb.
Ijyb is almost dead.
* * * LOW HITPOINT WARNING * * *
Ijyb hits you with a +0 club.
* * * LOW HITPOINT WARNING * * *
Casting: Scorch (safe; 5% risk of failure)
Confirm with . or Enter, or press ? or * to list all spells.
You miscast Scorch.
You are very lightly contaminated with residual magic.
Nothing appears to happen.
* * * LOW HITPOINT WARNING * * *
Ijyb hits you but does no damage.
Casting: Scorch (safe; 5% risk of failure)
Confirm with . or Enter, or press ? or * to list all spells.
You conjure some foxfire!
* * * LOW HITPOINT WARNING * * *
Ijyb hits you with a +0 club.
You die...

##..#.##.#.#####.##.##.#
.........#........#.##.#
#####.########....#.##.# #.#
#.#..#.##.# ##.## ####.#.......#
#### #...####....#..>.#### #...
#.#......#######.# #.#.
#...###.....#vg..# #######... #
######...##.#@##.####..(.....# #
#...##.#v##.#......###..# #
#...##.......#......##..# #
#...#########.##.#>.<...# # #...#
#####.##.#.###.## # #...#
#....)...#.###.##
#########...#####................
##.....)...........#.<#.##.#.....
......).).............#.##.......


You could see Ijyb (combustible, ally target).

Vanquished Creatures
  Robin (D:2)
  3 gnolls
  2 adders (D:2)
  A worm (D:2)
  A dart slug (D:2)
  2 ball pythons
  5 bats
  8 endoplasms
  2 giant cockroaches (D:1)
  10 goblins
  8 hobgoblins
  5 kobolds
  2 quokkas
  2 frilled lizards (D:1)
  3 rats
55 creatures vanquished.

Vanquished Creatures (others)
  106 foxfires
106 creatures vanquished.

Grand Total: 161 creatures vanquished

Notes
Turn   | Place    | Note
-------+----------+-------------------------------------------
     0 | D:1      | porpoise the Djinni Fire Elementalist began the quest for
                  | the Orb.
     0 | D:1      | porpoise set off with the following spells memorised:
                  | Foxfire, Scorch, Kindle Blastsparks, Inner Flame, Flame
                  | Wave.
     0 | D:1      | Reached XP level 1. HP: 15/15 MP: 0/0
   111 | D:1      | Reached XP level 2. HP: 22/22 MP: 0/0
   125 | D:1      | Reached skill level 1 in Fighting
   434 | D:1      | Reached XP level 3. HP: 25/27 MP: 0/0
   434 | D:1      | Learned a level 1 spell: Freeze
   615 | D:1      | Found a faded altar of an unknown god.
   684 | D:1      | You are sucked into a shaft and drop 1 floor!
   748 | D:2      | Noticed Robin
   756 | D:2      | Killed Robin
   757 | D:2      | Reached XP level 4. HP: 5/33 MP: 0/0
   757 | D:2      | HP: 1/33 [hobgoblin[Robin] (2)]
  1894 | D:3      | Noticed Ijyb
  1901 | D:3      | Reached XP level 5. HP: 39/40 MP: 0/0
  1901 | D:3      | Learned a level 2 spell: Momentum Strike
  2016 | D:2      | HP: 2/40 [gnoll/+0 club (3)]
  2175 | D:2      | Slain by Ijyb

Illustrated notes

Levels and vault maps discovered:
D:1:      zelgadis_glass_arrival_small, layout_basic,
          shapermc_ecumenical_altar_totnotflames, minmay_3d_cube
D:2:      layout_loops_cross, serial_aquarium, aquarium_bridge_long_joined
          [aquarium_subvault_bridge, aquarium_subvault_bridge,
          aquarium_subvault_wall, aquarium_subvault_wall,
          aquarium_subvault_window, aquarium_subvault_bridge],
          aquarium_bridge_square [aquarium_subvault_window,
          aquarium_subvault_balcony, aquarium_subvault_wall,
          aquarium_subvault_bridge], aquarium_window_fake, aquarium_window_1,
          aquarium_window_2, aquarium_view_2a, aquarium_view_2b,
          aquarium_balcony_3b, uniq_robin
D:3:      layout_loops_ring, ashenzari_conservatory_becter, uniq_ijyb

Skill      XL: |  1  2  3  4  5 |
---------------+----------------+-----
Fighting       | 1 2 3 |  3.1
Spellcasting   | 3 |  3.5
Dodging        | |  2.1
Stealth        | |  1.5

Action                   |  1- 3 |  4- 6 || total
-------------------------+-------+-------++-------
Melee: Short sword       |     7 |       ||     7
       Spear             |    14 |    37 ||    51
       Punch             |       |     2 ||     2
 Cast: Foxfire           |    44 |    24 ||    68
       Scorch            |     1 |     4 ||     5
       Momentum Strike   |       |     1 ||     1
  Use: Potion            |       |     1 ||     1
 Stab: Sleeping          |       |     2 ||     2
Armor: Robe              |     8 |     9 ||    17
Dodge: Dodged            |    22 |    22 ||    44

Table legend: (Time is in decaauts)
 A = Elapsed time spent in this place.
 B = Non-inter-level travel time spent in this place.
 C = Inter-level travel time spent in this place.
 D = Time resting spent in this place.
 E = Time spent auto-exploring this place.
 F = Levels seen in this place.
 G = Mean time per level.
                   A        B        C        D        E       F      G
               +--------+--------+--------+--------+--------+-----+--------+
         Total |   2179 |   2120 |     59 |    651 |   1095 |   3 |  726.3 |
       Dungeon |   2179 |   2120 |     59 |    651 |   1095 |   3 |  726.3 |
               +--------+--------+--------+--------+--------+-----+--------+

Top non-repeatable levels by time:
     D:2: 1481 daAuts
     D:1: 682 daAuts
     D:3: 16 daAuts
